AoeStats
← Mycorrhizal

MegaRandom

508721740Analyzed
3v3 RM · 8d ago on Sep 23, 2026· 43m 7s· 6 players
Game mode
Random Map
Map size
Normal (6 player)
Population
200
Speed
Normal
Resources
Standard
Victory
Conquest
Starting age
Dark Age
Ending age
Imperial Age
RankedLock teamsTeams togetherTeam positionsShared explorationLock speedFull tech treeHidden civsTurbo modeCheats
Victory
Defeat
🇩🇪 Franks · Germany
1448
+14
🇩🇪 Teutons · Germany
1391
+17
🇩🇪 Cumans · Germany
1371
+17
🇨🇦 Sicilians · Canada
1436
-17
🇩🇪 Inca · Germany
1392
-16
🇩🇪 Muisca · Germany
1390
-15
Hallo22062
7:01 Loom
11:10 Feudal Age
9:28 Loom
11:13 Feudal Age
12:39 Double-Bit Axe
15:34 Castle Age
14:27 Scale Barding Armor
25:10 Husbandry
26:36 Bow Saw
28:05 Wheelbarrow
27:16 Town Watch
30:33 Chain Barding Armor
30:54 Forging
39:00 Imperial Age
39:56 Iron Casting
39:13 Cavalier
40:33 Plate Barding Armor
41:21 Paladin
43:14 Blast Furnace
43:02 Conscription
Dumbledalf I.
4:39 Loom
12:58 Feudal Age
13:36 Double-Bit Axe
13:53 Gold Mining
13:47 Horse Collar
18:00 Fletching
18:25 Padded Archer Armor
26:36 Castle Age
26:11 Town Watch
27:38 Wheelbarrow
27:18 Bodkin Arrow
26:47 Crossbowman
28:14 Leather Archer Armor
29:13 Bow Saw
29:42 Ballistics
29:44 Heavy Plow
30:32 Thumb Ring
40:26 Imperial Age
38:15 Hand Cart
38:46 Stone Mining
39:32 Gold Shaft Mining
42:25 Chemistry
43:05 Two-Man Saw
43:18 Scale Barding Armor
43:25 Forging
Domvee
7:08 Loom
10:55 Feudal Age
11:31 Double-Bit Axe
12:39 Horse Collar
14:38 Forging
16:07 Wheelbarrow
21:32 Castle Age
19:46 Fletching
22:47 Bodkin Arrow
24:44 Bloodlines
24:43 Padded Archer Armor
25:17 Bloodlines
25:45 Leather Archer Armor
35:19 Guard Tower
36:19 Ballistics
38:30 Horse Collar
39:00 Bow Saw
Mycorrhizal
8:56 Loom
10:50 Feudal Age
11:51 Double-Bit Axe
19:53 Castle Age
18:48 Gold Mining
18:49 Stone Mining
20:00 Bloodlines
19:57 Scale Barding Armor
20:46 Bow Saw
22:38 Fletching
27:52 Chain Barding Armor
34:06 Bodkin Arrow
35:26 Forging
36:45 Gold Shaft Mining
36:01 Horse Collar
38:21 Husbandry
38:57 Iron Casting
Tronald Dump
6:32 Loom
11:55 Feudal Age
12:24 Double-Bit Axe
14:03 Fletching
14:15 Padded Archer Armor
22:07 Castle Age
19:57 Horse Collar
20:42 Gold Mining
20:45 Stone Mining
22:09 Crossbowman
23:49 Thumb Ring
23:42 Pikeman
24:56 Ballistics
26:17 Wheelbarrow
27:03 Bodkin Arrow
29:45 Leather Archer Armor
31:06 Hand Cart
32:18 Treadmill Crane
Pero
7:58 Loom
10:45 Feudal Age
11:19 Double-Bit Axe
15:58 Castle Age
15:08 Fletching
16:28 Crossbowman
20:18 Bow Saw
21:38 Horse Collar
25:49 Bodkin Arrow
26:26 Padded Archer Armor
28:08 Thumb Ring
29:05 Wheelbarrow
34:15 Ballistics
35:35 Scale Mail Armor
37:35 Leather Archer Armor
38:10 Hand Cart
37:40 Town Watch
38:04 Heavy Plow
37:55 Stone Mining
41:58 Imperial Age
42:56 Bracer
43:59 Chemistry
43:15 Chain Mail Armor
43:11 Forging
43:03 Squires
42:26 Elite Kamayuk
43:26 Conscription
Connection lost

Rejoining the realm…

Still unreachable

The connection could not be restored.

Session expired

The server has moved on; the page needs a fresh start.